 Dungeon Crawl Stone Soup version 0.30-a0-1082-g70414cbcbb (webtiles) character file.

Game seed: 1026843148927244945

119 ryw the Trooper (level 4, 0/37 HPs)
             Began as a Mummy Fighter on Apr 16, 2023.
             Killed by divine providence
             ... invoked by an orc priest
              (7 damage)
             ... on level 3 of the Dungeon.
             The game lasted 00:04:26 (2473 turns).

ryw the Trooper (Mummy Fighter)                     Turns: 2473, Time: 00:04:27

Health: 0/37       AC:  7    Str: 21    XL:     4   Next: 74%
Magic:  4/4        EV:  9    Int:  7    God:
Gold:   180        SH:  4    Dex: 11    Spells: 3/3 levels left

rFire   x . .      SeeInvis .    a - +0 flail
rCold   + . .      Faith    +    c - +0 buckler
rNeg    + + +      Spirit   .    b - +0 scale mail
rPois   ∞          Reflect  .    f - +0 helmet
rElec   .          Rampage  .    (no cloak)
rCorr   .                        (no gloves)
Will    .....                    (no boots) Stlth
                                 (no amulet)
HPRegen 0.26/turn                (no ring)
MPRegen 0.09/turn                (no ring)

@: no status effects
A: cold resistance 1, negative energy resistance 3, torment resistance 2, heat
vulnerability 1, in touch with death 1, no potions, faith
a: no special abilities


You were on level 3 of the Dungeon.
You visited 1 branch of the dungeon, and saw 3 of its levels.

You collected 180 gold pieces.

Inventory:

Hand Weapons
 a - a +0 flail (weapon)
Missiles
 g - 3 javelins (quivered)
 n - 3 poisoned darts
Armour
 b - a +0 scale mail (worn)
 c - a +0 buckler (worn)
 f - a +0 helmet (worn)
Wands
 k - a wand of flame (30)
Scrolls
 e - a scroll of immolation
 h - a scroll of teleportation
 p - 2 scrolls of torment


   Skills:
 + Level 3.7 Fighting
 * Level 3.1 Maces & Flails
 + Level 3.1 Armour
 - Level 2.4 Shields


You had 3 spell levels left.
You didn't know any spells.
Your spell library was empty.

Dungeon Overview and Level Annotations

Branches:
Dungeon (3/15)

Altars:

Shops:
D:2 *

Annotations:
D:2 1 runed translucent door, Crazy Yiuf


Innate Abilities, Weirdness & Mutations

You are immune to poison.
Your flesh is cold resistant. (rC+)
You are immune to negative energy. (rN+++)
You are immune to unholy pain and torment.
You are vulnerable to heat. (rF-)
You are in touch with the powers of death.
You do not drink.
You have a special connection with the divine. (Faith)


Message History

You climb upwards.
Level annotation: 1 runed translucent door, Crazy Yiuf
There is a stone staircase leading down here.
You start resting.
HP restored.
You see here a +0 club.
There is a shaft here.
Things that are here:
a +0 whip; an adder corpse
There is a stone staircase leading down here.
You climb downwards.
There is a stone staircase leading up here.
Unknown command.
Found a short sword.
A goblin comes into view. It is wielding a +0 club.
The goblin shouts!
A goblin is nearby!
The goblin shouts!
The goblin hits you but does no damage.
You hit the goblin.
You kill the goblin!
An orc comes into view. It is wielding a +0 trident.
An adder and 2 orc priests come into view.
Found a scroll of fog and a short jewelled staff.
The orc priest shouts! x2
The orc priest calls down the wrath of Beogh upon you.
Beogh smites you!
You thump the goblin!
You kill the goblin!
The orc priest invokes the aid of Beogh against you.
Beogh smites you!
* * * LOW HITPOINT WARNING * * *
An adder comes into view.
An orc priest comes into view. It is wielding a +0 dagger.
You are too injured to fight recklessly!
Unknown command.
The adder hisses angrily.
The orc priest mumbles some strange prayers to Beogh against you.
Beogh smites you!
You die...

| #..... ..#####.... ....
#.. .....oSo # #.).. ...
...$.##?.## .....##.####
##.).......
.............##.oS###.### #
.......## #.......)....#
#.###..#..######.#...###..#
#.#...........#@.#!..# .
.#....................#..
.........................
#................##......
#.....<..........##....#..
#...............)......###
#.................#....#
#.#..............## ...# #
##...........#.# ...#


You could see 2 orc priests, 2 adders and an orc.

Vanquished Creatures
  2 adders (D:2)
  4 gnolls
  2 dart slugs (D:1)
  2 orcs
  5 ball pythons
  4 endoplasms (D:1)
  5 giant cockroaches
  6 goblins
  3 hobgoblins
  4 jackals (D:1)
  4 kobolds
  A quokka (D:1)
  7 bats
  4 frilled lizards
  3 rats
56 creatures vanquished.

Notes
Turn   | Place    | Note
-------+----------+-------------------------------------------
     0 | D:1      | ryw the Mummy Fighter began the quest for the Orb.
     0 | D:1      | Reached XP level 1. HP: 18/18 MP: 1/1
   141 | D:1      | Reached XP level 2. HP: 14/24 MP: 2/2
   429 | D:1      | Gained mutation: You are in touch with the powers of death.
                  | [Mummy growth]
   429 | D:1      | Reached XP level 3. HP: 29/29 MP: 3/3
  1104 | D:2      | Found a runed translucent door.
  1105 | D:2      | Noticed Crazy Yiuf
  1226 | D:2      | Found Fotimes Vufu's General Store.
  1805 | D:2      | Reached XP level 4. HP: 26/35 MP: 4/4
  2473 | D:3      | Killed from afar by an orc priest

Illustrated notes

Levels and vault maps discovered:
D:1:      mushboom_english_gardens, layout_basic
D:2:      layout_loops_ring, serial_shops, shop, minmay_misc_feat_nine_boxes,
          uniq_crazy_yiuf_cottage
D:3:      layout_rooms, chequers_temple_overflow_statue_of_worship

Skill      XL: |  1  2  3  4 |
---------------+-------------+-----
Maces & Flails | 2 3 |  3.1
Armour         | 3 |  3.1
Fighting       | |  3.7
Shields        | |  2.4

Action                     |  1- 3 |  4- 6 || total
---------------------------+-------+-------++-------
  Melee: Flail             |   152 |    49 ||   201
  Throw: Javelin           |       |     2 ||     2
    Use: Scroll            |    10 |     1 ||    11
 Armour: Scale mail        |    83 |    26 ||   109
  Dodge: Dodged            |    80 |    26 ||   106
  Block: Buckler           |    29 |    10 ||    39

Table legend: (Time is in decaauts)
 A = Elapsed time spent in this place.
 B = Non-inter-level travel time spent in this place.
 C = Inter-level travel time spent in this place.
 D = Time resting spent in this place.
 E = Time spent auto-exploring this place.
 F = Levels seen in this place.
 G = Mean time per level.
                   A        B        C        D        E       F      G
               +--------+--------+--------+--------+--------+-----+--------+
         Total |   2546 |   2334 |    212 |    441 |   1319 |   3 |  848.7 |
       Dungeon |   2546 |   2334 |    212 |    441 |   1319 |   3 |  848.7 |
               +--------+--------+--------+--------+--------+-----+--------+

Top non-repeatable levels by time:
     D:2: 1513 daAuts
     D:1: 836 daAuts
     D:3: 195 daAuts
